 Dungeon Crawl Stone Soup version 0.19-a0-1779-g7aee5af (webtiles) character file.

17 Laraso the Chiller (level 2, 0/15 HPs)
             Began as a Kobold Ice Elementalist on Oct 2, 2016.
             Slain by a jackal (1 damage)
             ... on level 1 of the Dungeon.
             The game lasted 00:02:25 (892 turns).

Laraso the Chiller (Kobold Ice Elementalist)         Turns: 892, Time: 00:02:26

Health: 0/15       AC:  2    Str:  5    XL:     2   Next: 80%
Magic:  0/5        EV: 15    Int: 16    God:
Gold:   21         SH:  0    Dex: 15    Spells: 2 memorised, 2 levels left

rFire  . . .     SeeInvis .     e - +0 spear
rCold  . . .     Gourm    .     a - +0 robe
rNeg   . . .     Faith    .     (shield restricted)
rPois  .         Spirit   .     (no helmet)
rElec  .         Dismiss  .     (no cloak)
rCorr  .         Reflect  .     (no gloves)
MR     .....     Harm     .     (no boots)
Stlth  ++........               (no amulet)
                                (no ring)
                                (no ring)

@: very slightly contaminated
A: carnivore 3
a: no special abilities


You were on level 1 of the Dungeon.
You were completely stuffed.

You visited 1 branch of the dungeon, and saw 1 of its levels.

You collected 21 gold pieces.

Inventory:

Hand Weapons
 e - a +0 spear (weapon)
Armour
 a - a +0 robe (worn)
Scrolls
 d - a scroll of identify
Books
 b - a book of Frost

   Spells                             Type                      Level
   a - Freeze                         Ice                          1
   b - Throw Frost                    Conjuration/Ice              2
   c - Ozocubu's Armour               Charms/Ice                   3
   d - Throw Icicle                   Conjuration/Ice              4
   e - Summon Ice Beast               Ice/Summoning                4
Comestibles
 c - a meat ration
 f - 4 chunks of flesh


   Skills:
 - Level 2.4 Dodging
 - Level 2.6 Stealth
 - Level 2.1 Spellcasting
 - Level 1.0 Conjurations
 * Level 3.9 Ice Magic


You had 2 spell levels left.
You knew the following spells:

 Your Spells              Type           Power        Failure   Level  Hunger
a - Freeze                Ice            ##..         6%          1    #......
b - Throw Frost           Conj/Ice       #.....       12%         2    ###....


Dungeon Overview and Level Annotations

Branches:
Dungeon (1/15)

Altars:


Innate Abilities, Weirdness & Mutations

You are small and have problems with some larger weapons.
You are carnivorous and can eat meat at any time.


Message History

You take 3 damage, and have 12/15 hp.
You now have 0/5 mp.
Unknown command.
The jackal bites you.
You take 2 damage, and have 11/15 hp.
The jackal closely misses you.
Aim: a jackal (heavily wounded)
You freeze the jackal.
You kill the jackal!
* * * LOW MAGIC WARNING * * *
You now have 0/5 mp.
Unknown command.
You see here a jackal corpse.
You butcher the jackal corpse.
f - 4 chunks of flesh (gained 3)
The jackal barks!
A jackal comes into view.
The jackal completely misses you.
You closely miss the jackal. The jackal bites you. The jackal misses you.
You take 1 damage, and have 10/15 hp.
You barely miss the jackal.
The jackal barks!
The jackal closely misses you.
You hit the jackal. The jackal barely misses you. The jackal bites you.
* * * LOW HITPOINT WARNING * * *
The jackal closely misses you. The jackal bites you.
* * * LOW HITPOINT WARNING * * *
You take 2 damage, and have 8/15 hp.
Aim: a jackal (moderately wounded)
You miscast Freeze.
You are very lightly contaminated with residual magic.
Nothing appears to happen.
* * * LOW MAGIC WARNING * * *
The jackal bites you but does no damage. x2
You now have 0/5 mp.
Unknown command.
Unknown command.
You hit the jackal but do no damage. The jackal barely misses you.
The jackal bites you.
* * * LOW HITPOINT WARNING * * *
The jackal bites you.
* * * LOW HITPOINT WARNING * * *
The jackal bites you.
* * * LOW HITPOINT WARNING * * *
You take 4 damage, and have 4/15 hp.
MASSIVE DAMAGE!!
You aren't carrying any potions.
Unknown command.
Okay, then.
You hit the jackal but do no damage. The jackal bites you.
* * * LOW HITPOINT WARNING * * *
The jackal barely misses you. The jackal bites you.
* * * LOW HITPOINT WARNING * * *
You take 3 damage, and have 1/15 hp.
Unknown command.
You hit the jackal but do no damage. The jackal barely misses you.
The jackal bites you but does no damage.
The jackal completely misses you.
Unknown command.
You closely miss the jackal. The jackal bites you.
You die...

......##......# .
.......)....# ....###...†.#
.(. #.....# . .. #.....# # .
###.### # #.############## #
#.##.h......(..# #
#.##@#########.###### ###.##h#
#........h.# #...##.#
##.#......... ###.####.#
##....#.####.#
##...####.###............#
#.###..#..............#.###..#
#.....###.###.#####.#.#.# #..#
#####..#..# #.# #.#.#.# #..#
##....# #.# #.#.#.# #..#


You could see 2 jackals.

Vanquished Creatures
  An ooze (D:1)
  A goblin (D:1)
  3 hobgoblins (D:1)
  A jackal (D:1)
  3 kobolds (D:1)
  3 bats (D:1)
  A rat (D:1)
13 creatures vanquished.

Notes
Turn   | Place    | Note
-------+----------+-------------------------------------------
     0 | D:1      | Laraso the Kobold Ice Elementalist began the quest for the Orb.
     0 | D:1      | Reached XP level 1. HP: 10/10 MP: 3/3
   115 | D:1      | HP: 1/10 [ooze (4)]
   149 | D:1      | Reached XP level 2. HP: 3/15 MP: 0/5
   568 | D:1      | Learned a level 2 spell: Throw Frost
   889 | D:1      | HP: 6/15 [jackal (2)]
   890 | D:1      | HP: 2/15 [jackal (3)]
   892 | D:1      | Slain by a jackal

Vault maps used:
D:1:      kilobyte_arrival_exit_the_forest

Action                   || total
-------------------------++-------
Melee: Unarmed           ||     2
       Spear             ||     7
 Cast: Freeze            ||    16
       Throw Frost       ||    10
  Use: Scroll            ||     1
  Eat: Chunk             ||     9
Armor: Robe              ||     6
Dodge: Dodged            ||    17

Table legend:
 A = Kills in this place as a percentage of kills in entire the game.
 B = Kills by you in this place as a percentage of kills by you in the entire game.
 C = Kills by friends in this place as a percentage of kills by friends in the entire game.
 D = Other kills in this place as a percentage of other kills in the entire game.
 E = Experience gained in this place as a percentage of experience gained in the entire game.
 F = Experience gained in this place divided by the number of levels of this place that you have seen.
                   A       B       C       D       E      F
               +-------+-------+-------+-------+-------+----------------------
         Total | 100.0 | 100.0 |  -nan |  -nan | 100.0 |  25.0
       Dungeon | 100.0 | 100.0 |  -nan |  -nan | 100.0 |  25.0
               +-------+-------+-------+-------+-------+----------------------

Table legend:
 A = Turns spent in this place as a percentage of turns spent in the entire game.
 B = Non-inter-level travel turns spent in this place as a percentage of non-inter-level travel turns spent in the entire game.
 C = Inter-level travel turns spent in this place as a percentage of turns spent in this place.
 D = Turns resting spent in this place as a percentage of non-inter-level travel turns spent in this place.
 E = Turns spent auto-exploring this place as a percentage of non-inter-level travel turns spent in this place.
 F = Non-inter-level travel turns spent in this place divided by the number of levels of this place that you've seen.
                   A       B       C       D       E      F
               +-------+-------+-------+-------+-------+----------------------
         Total | 100.0 | 100.0 |   0.4 |  14.9 |   3.5 | 255.0
       Dungeon | 100.0 | 100.0 |   0.4 |  14.9 |   3.5 | 255.0
               +-------+-------+-------+-------+-------+----------------------

Vault maps used:
D:1:      kilobyte_arrival_exit_the_forest
